AoeStats
← ur dads dad

Fortress

509985665Analyzed
4v4 RM · 4d ago on Sep 28, 2026· 58m 16s· 8 players
Game mode
Random Map
Map size
Huge
Population
200
Speed
Normal
Resources
Standard
Victory
Conquest
Starting age
Dark Age
Ending age
Imperial Age
RankedLock teamsTeams togetherTeam positionsShared explorationLock speedFull tech treeHidden civsTurbo modeCheats
Victory
Defeat
🇺🇸 Dravidians · United States
1251
+13
🇦🇷 Vietnamese · Argentina
1180
+16
🇨🇴 Tupi · Colombia
1152
+17
🇨🇴 Burgundians · Colombia
1108
+18
🇬🇧 Danes · United Kingdom
1217
-18
🇬🇧 Saxons · United Kingdom
1204
-17
🇺🇸 Cumans · United States
1137
-15
🇺🇸 Saxons · United States
1135
-14
VIP IVORY
8:23 Feudal Age
9:46 Double-Bit Axe
12:06 Castle Age
10:00 Horse Collar
13:42 Bow Saw
17:54 Wheelbarrow
17:08 Loom
18:30 Gold Mining
20:09 Stone Mining
21:07 Hand Cart
21:05 Heavy Plow
25:29 Imperial Age
23:25 Town Watch
24:03 Fletching
24:14 Padded Archer Armor
25:03 Bodkin Arrow
26:16 Bracer
26:47 Ballistics
27:49 Thumb Ring
28:33 Town Patrol
28:55 Elite Elephant Archer
30:18 Leather Archer Armor
31:15 Chemistry
30:54 Conscription
30:49 Medical Corps
31:52 Ring Archer Armor
32:00 Coinage
36:38 Caravan
37:09 Banking
36:50 Guilds
38:38 Wootz Steel
38:54 Hoardings
38:24 Husbandry
43:27 Scale Mail Armor
51:50 Spies/Treason
[CCMNG]JhonStrong
8:13 Feudal Age
6:43 Double-Bit Axe
12:10 Castle Age
10:58 Bow Saw
10:43 Horse Collar
18:10 Heavy Plow
18:50 Wheelbarrow
22:31 Scale Barding Armor
25:19 Imperial Age
23:10 Forging
24:05 Two-Man Saw
24:02 Crop Rotation
23:25 Loom
26:40 Chain Barding Armor
26:49 Burgundian Vineyards
28:00 Padded Archer Armor
28:37 Plate Barding Armor
28:15 Husbandry
31:16 Cavalier
32:59 Iron Casting
38:35 Blast Furnace
38:52 Chemistry
41:48 Ballistics
47:15 Paladin
Tomy25142
8:08 Feudal Age
12:32 Castle Age
14:56 Double-Bit Axe
17:48 Loom
17:48 Horse Collar
18:02 Gold Mining
22:26 Imperial Age
20:23 Bow Saw
21:27 Forging
22:47 Wheelbarrow
22:33 Bloodlines
44:26 Iron Casting
43:41 Fletching
43:57 Scale Barding Armor
49:32 Chain Barding Armor
53:02 Light Cavalry
54:23 Plate Barding Armor
56:36 Spies/Treason
THE VIPER DANNY
7:47 Feudal Age
9:06 Loom
11:30 Castle Age
9:25 Double-Bit Axe
10:14 Fletching
12:30 Gold Mining
14:16 Padded Archer Armor
14:21 Horse Collar
15:37 Bodkin Arrow
16:26 Loom
18:49 Pikeman
22:34 Town Watch
31:38 Champi Runner
33:09 Champi Warrior
35:32 Ballistics
36:06 Forging
36:12 Leather Archer Armor
46:55 Imperial Age
45:18 Iron Casting
44:44 Scale Mail Armor
44:50 Squires
46:05 Caciques
46:57 Elite Blackwood Archer
48:23 Ring Archer Armor
47:55 Bracer
48:51 Curare
49:55 Chemistry
52:59 Elite Champi Warrior
56:53 Spies/Treason
CheJuani10
7:03 Feudal Age
11:55 Castle Age
11:08 Double-Bit Axe
12:57 Wheelbarrow
12:59 Loom
20:55 Fletching
21:31 Padded Archer Armor
21:28 Gambesons
21:43 Squires
21:29 Arson
22:02 Bodkin Arrow
24:17 Leather Archer Armor
24:14 Forging
24:04 Scale Mail Armor
28:21 Imperial Age
28:54 Chain Mail Armor
29:15 Iron Casting
28:45 Elite Varangian Guard
28:46 Elite Varangian Guard
29:52 Gold Mining
30:37 Plate Mail Armor
31:22 Conscription
31:22 Hand Cart
37:48 Shield Wall
44:28 Onager
51:46 Chemistry
50:50 Bracer
53:39 Ballistics
biodegradable plastic
8:44 Feudal Age
9:16 Horse Collar
9:24 Double-Bit Axe
13:59 Castle Age
11:53 Gold Mining
14:04 Stone Mining
17:22 Bow Saw
20:12 Wheelbarrow
22:18 Hand Cart
22:15 Heavy Plow
22:20 Town Watch
22:22 Loom
28:26 Imperial Age
31:16 Heavy Scorpion
32:35 Conscription
33:41 Gold Shaft Mining
34:35 Chemistry
33:57 Ballistics
36:18 Siege Engineers
38:24 Capped Ram
41:57 Pikeman
42:38 Squires
44:23 Scale Mail Armor
44:33 Forging
43:53 Halberdier
The Laughing Storm
8:55 Feudal Age
10:03 Horse Collar
10:09 Double-Bit Axe
11:11 Gold Mining
11:50 Loom
16:16 Castle Age
15:16 Stone Mining
16:03 Scale Mail Armor
15:59 Arson
16:29 Forging
17:33 Gambesons
18:33 Gold Shaft Mining
18:11 Bow Saw
19:50 Heavy Plow
21:51 Wheelbarrow
21:49 Chain Mail Armor
24:12 Iron Casting
25:14 Hand Cart
29:43 Imperial Age
29:58 Capped Ram
31:14 Plate Mail Armor
31:18 Conscription
30:19 Shield Wall
31:02 Elite Varangian Guard
31:45 Squires
35:32 Siege Ram
42:10 Pikeman
42:28 Elite Hearth Troop
ur dads dad
4:24 Loom
7:29 Feudal Age
8:02 Double-Bit Axe
8:04 Horse Collar
12:53 Wheelbarrow
12:34 Gold Mining
13:13 Town Watch
14:29 Forging
14:51 Stone Mining
15:45 Scale Barding Armor
15:54 Bloodlines
19:54 Castle Age
21:20 Bow Saw
21:20 Fletching
21:33 Padded Archer Armor
21:50 Hand Cart
22:28 Heavy Plow
23:05 Gold Shaft Mining
24:05 Iron Casting
23:51 Chain Barding Armor
25:02 Steppe Husbandry
34:01 Imperial Age
33:56 Elite Steppe Lancer
38:44 Crop Rotation
39:11 Elite Skirmisher
39:48 Bodkin Arrow
40:08 Leather Archer Armor
41:58 Two-Man Saw
Connection lost

Rejoining the realm…

Still unreachable

The connection could not be restored.

Session expired

The server has moved on; the page needs a fresh start.